 Dungeon Crawl Stone Soup version 0.29.1-12-g30fa7ad0bf (webtiles) character file.

Game seed: 5424696800298584128

3013 aigali the Trooper (level 9, -1/96 HPs)
             Began as a Troll Fighter on Dec 29, 2022.
             Was a Believer of Trog.
             Slain by a five-headed hydra (11 damage)
             ... on level 7 of the Dungeon.
             The game lasted 00:27:48 (5363 turns).

aigali the Trooper (Troll Fighter)                  Turns: 5363, Time: 00:27:49

Health: -1/96      AC:  8    Str: 30    XL:     9   Next: 55%
Magic:  8/8        EV: 10    Int:  4    God:    Trog [**....]
Gold:   279        SH:  0    Dex:  9    Spells: 8/8 levels left

rFire   . . .      SeeInvis .   y - +1 halberd (flame)
rCold   . . .      Faith    .   (shield currently unavailable)
rNeg    . . .      Spirit   .   q - +0 steam dragon scales
rPois   .          Reflect  .   (helmet restricted)
rElec   .          Harm     .   o - +0 cloak
rCorr   .          Rampage  .   (gloves unavailable)
Will    .....      Rnd*Tele +   (boots unavailable)
Stlth   +.........              (no amulet)
HPRegen 1.06/turn               i - ring of wizardry
MPRegen 0.11/turn               (no ring)

@: no status effects
A: large, unfitting armour, claws 3, regeneration 1, shaggy fur 1, tough skin 1,
talons 1, teleportitis 1
a: Renounce Religion, Berserk, Trog's Hand


You were on level 7 of the Dungeon.
You worshipped Trog.
Trog was pleased with you.
You visited 2 branches of the dungeon, and saw 9 of its levels.

You collected 279 gold pieces.

Inventory:

Hand Weapons
 e - a +3 hand axe of venom
 h - a +0 whip of electrocution
 p - a +2 antimagic scythe
 y - a +1 halberd of flaming (weapon)
Missiles
 z - 12 poisoned darts
Armour
 a - a +0 robe
 b - a +0 kite shield
 o - a +0 cloak (worn)
 q - +0 steam dragon scales (worn)
Jewellery
 i - a ring of wizardry (left claw)
Wands
 k - a wand of iceblast (5) (quivered)
 n - a wand of flame (13)
Scrolls
 d - 5 scrolls of enchant weapon
 f - 3 scrolls of vulnerability
 j - 3 scrolls of butterflies
 l - 4 scrolls of noise
 m - 5 scrolls of amnesia
 s - a scroll of summoning
 t - 2 scrolls of poison
 x - 3 scrolls of teleportation
 C - a scroll of blinking {unknown}
 D - a scroll of identify
Potions
 c - 3 potions of might
 g - a potion of berserk rage {unknown}
 r - a potion of attraction {unknown}
 u - a potion of resistance {unknown}
 v - a potion of invisibility {unknown}
 w - a potion of lignification {unknown}
 A - a potion of degeneration {unknown}
 B - a potion of flight {unknown}


   Skills:
 * Level 7.9 Fighting
 - Level 5.5(6.0) Axes
 * Level 3.6(5.1) Polearms
 * Level 1.3 Armour
 + Level 4.0 Dodging
 - Level 4.2 Shields
 - Level 2.0 Unarmed Combat


You had 8 spell levels left.
You didn't know any spells.
Your spell library contained the following spells:

 Spells                   Type           Power      Damage    Failure   Level
 Apportation              Tloc           0%         N/A       22%         1
 Necrotise                Necr           0%         1d4       22%         1
 Sandblast                Erth           0%         2d4       22%         1
 Shock                    Conj/Air       0%         1d3       22%         1
 Summon Small Mammal      Summ           0%         N/A       22%         1
 Passwall                 Tmut/Erth      0%         N/A       32%         2
 Call Canine Familiar     Summ           0%         N/A       52%         3
 Portal Projectile        Hex/Tloc       0%         N/A       52%         3
 Stone Arrow              Conj/Erth      0%         3d7       52%         3
 Swiftness                Air            0%         N/A       52%         3
 Airstrike                Air            0%         2d(0-16)  89%         4
 Leda's Liquefaction      Hex/Erth       0%         N/A       89%         4


Dungeon Overview and Level Annotations

Branches:
Dungeon (8/15)             Temple (1/1) D:4
   Lair: D:8-11

Altars:
Dithmenos
Elyvilon
Fedhas
Gozag
Hepliaklqana
Makhleb
Nemelex Xobeh
Okawaru
Qazlal
Ru
Sif Muna
Trog
Vehumet
Wu Jian
Xom
Zin
The Shining One

Shops:
D:6 ?   D:8 *


Innate Abilities, Weirdness & Mutations

You are too large for most types of armour.
You have claws for hands.
Your natural rate of healing is unusually fast.
You are covered in fur. (AC +1)
You have tough skin. (AC +1)
You have sharp toenails.
You are occasionally teleported next to monsters.


Message History

You see here a +0 club.
You open the door.
You see here a +0 club.
Found 7 gold pieces and a scroll of identify.
D - a scroll of identify You now have 279 gold pieces (gained 7).
You open the door.
A vampire mosquito comes into view.
The vampire mosquito buzzes angrily.
You hear a roar!
You hear a shout! x2
You hear an angry buzzing noise.
The vampire mosquito moves out of view.
A seven-headed hydra comes into view.
You chop one of the seven-headed hydra's heads off!
The flame cauterises the wound!
You hit the six-headed hydra. You burn the six-headed hydra.
You claw the six-headed hydra.
The six-headed hydra is lightly wounded.
The six-headed hydra bites you! The six-headed hydra bites you.
The six-headed hydra completely misses you.
The six-headed hydra bites you! x3
You slice one of the six-headed hydra's heads off!
The flame cauterises the wound!
You puncture the five-headed hydra! You burn the five-headed hydra!
You claw the five-headed hydra.
The five-headed hydra is heavily wounded.
The five-headed hydra bites you but does no damage.
The five-headed hydra bites you. The five-headed hydra bites you!
The five-headed hydra bites you. The five-headed hydra bites you!
* * * LOW HITPOINT WARNING * * *
A manticore comes into view.
Okay, then.
The five-headed hydra attacks as you move away!
The five-headed hydra barely misses you.
The five-headed hydra bites you!
* * * LOW HITPOINT WARNING * * *
The five-headed hydra bites you but does no damage. x3
Okay, then.
The five-headed hydra bites you!
* * * LOW HITPOINT WARNING * * *
The five-headed hydra closely misses you.
The five-headed hydra bites you!
You die...

###......#.....#
#.....
##.......###'###
#.....
#.......#†....#
#.....
........#.....#
#.....
........'..#..+#
+.....
........#.....#.#
#.....
.###....#.....##.#
#.#...
#....###'#####'###
#.#...
#....#.....#@##H.#
####.#.###.##D#..#
#.'.###.'##H##+
#.#..##.#.)#.##
#.##....#..##.#
#.###'#####'###
#.............
###......######
######...


You could see a five-headed hydra and a manticore.

Vanquished Creatures
  Pikel (D:6)
  Sigmund (D:4)
  Eustachio (D:6)
  2 steam dragons (D:7)
  2 ice beasts
  A sky beast (D:7)
  A black bear (D:5)
  3 ogres
  A centaur (D:7)
  2 kobold brigands
  A bullfrog (D:7)
  3 gnoll sergeants
  A necrophage (D:6)
  4 scorpions
  4 orc priests
  4 hounds
  4 orc wizards
  An iguana (D:6)
  11 gnolls
  7 adders
  A shadow imp (D:6)
  2 white imps
  2 ufetubi
  2 worms
  A dart slug (D:1)
  15 orcs
  8 ball pythons
  A bat (D:2)
  8 endoplasms
  3 giant cockroaches
  6 goblins
  12 hobgoblins
  2 jackals (D:2)
  3 quokkas
  A frilled lizard (D:1)
  13 kobolds
  A rat (D:1)
136 creatures vanquished.

Vanquished Creatures (others)
  An orc (D:7)
  9 plants
10 creatures vanquished.

Grand Total: 146 creatures vanquished

Notes
Turn   | Place    | Note
-------+----------+-------------------------------------------
     0 | D:1      | aigali the Troll Fighter began the quest for the Orb.
     0 | D:1      | Reached XP level 1. HP: 22/22 MP: 0/0
    89 | D:1      | Reached XP level 2. HP: 29/29 MP: 1/1
   199 | D:1      | Found a faded altar of an unknown god.
   517 | D:1      | Reached XP level 3. HP: 36/36 MP: 2/2
  1567 | D:3      | Noticed an ogre
  1592 | D:3      | Killed an ogre
  1593 | D:3      | Reached skill level 3 in Fighting
  1593 | D:3      | Reached XP level 4. HP: 14/45 MP: 3/3
  1765 | D:3      | Reached XP level 5. HP: 53/53 MP: 4/4
  2357 | D:3      | Gained mutation: You are occasionally teleported next to
                  | monsters. [potion of mutation]
  2357 | D:3      | Gained mutation: You have sharp toenails. [potion of
                  | mutation]
  2490 | D:4      | Noticed an ogre
  2503 | D:4      | Found a blossoming altar of Fedhas.
  2508 | D:4      | Killed an ogre
  2585 | D:4      | Reached XP level 6. HP: 41/61 MP: 5/5
  2616 | D:4      | Found a staircase to the Ecumenical Temple.
  2626 | Temple   | Entered the Ecumenical Temple
  2742 | Temple   | Became a worshipper of Trog the Wrathful
  2983 | D:4      | Noticed Sigmund
  2997 | D:4      | Killed Sigmund
  2998 | D:4      | Reached skill level 4 in Fighting
  2998 | D:4      | Reached XP level 7. HP: 27/70 MP: 0/6
  3138 | D:5      | Entered Level 5 of the Dungeon
  3372 | D:5      | Reached * piety under Trog
  3554 | D:5      | Reached skill level 5 in Axes
  3554 | D:5      | Reached XP level 8. HP: 79/79 MP: 7/7
  3609 | D:5      | Reached skill level 5 in Fighting
  3808 | D:6      | Found Wyiffaec's Magic Scroll Shop.
  3808 | D:6      | Noticed Eustachio
  3871 | D:6      | Found an iron altar of Okawaru.
  4136 | D:6      | Killed Eustachio
  4217 | D:6      | Reached ** piety under Trog
  4218 | D:6      | Reached skill level 6 in Fighting
  4244 | D:6      | Reached skill level 1 in Polearms
  4246 | D:6      | Found a white marble altar of Elyvilon.
  4263 | D:6      | Found a radiant altar of Vehumet.
  4264 | D:6      | Noticed Pikel
  4284 | D:6      | Killed Pikel
  4285 | D:6      | Reached XP level 9. HP: 82/92 MP: 8/8
  4325 | D:6      | Reached skill level 7 in Fighting
  5030 | D:8      | Found Zasobum's Assorted Antiques.
  5228 | D:7      | Reached skill level 1 in Armour
  5357 | D:7      | Noticed a seven-headed hydra
  5358 | D:7      | Noticed a manticore
  5363 | D:7      | Slain by a five-headed hydra

Illustrated notes

Levels and vault maps discovered:
D:1:      minmay_arrival_radiant_lines, layout_basic,
          hellmonk_ecumenical_altar_leap_of_faith
D:2:      layout_loops_ring, serial_rivers, chequers_serial_rivers_large_b,
          chequers_serial_rivers_large_a, chequers_serial_rivers_micro_a,
          chequers_serial_rivers_room_a, chequers_serial_rivers_micro_d,
          chequers_serial_rivers_marsh, minmay_strange_pillars,
          kennysheep_nondescript
D:3:      minmay_evil_eye, layout_basic
D:4:      layout_rooms, lemuel_crystal_altar, minmay_temple_entry_waves,
          serial_bayou_pond_b, uniq_sigmund
D:5:      layout_gridville, nrook_uturn
D:6:      layout_basic, kennysheep_okawaru_gauntlet,
          mainiacjoe_overflow_catwalk_spiral, serial_shops,
          nicolae_stop_n_shop_2, uniq_eustachio, uniq_pikel
D:7:      minmay_the_grid_square_5x5_3x3 [minmay_the_grid_square_5x5_dogpile,
          minmay_the_grid_square_5x5_three,
          minmay_the_grid_square_5x5_pentomino_r,
          minmay_the_grid_square_5x5_bracketed,
          minmay_the_grid_square_5x5_megaprize_checkered,
          minmay_the_grid_square_5x5_one_wall,
          minmay_the_grid_square_5x5_almost_minimal,
          minmay_the_grid_square_5x5_percent, minmay_the_grid_square_5x5_bite],
          layout_cave_pods, cheibriados_altar_1, cheibrodos_ashenzari_chains,
          serial_park, serial_park_tiny_1, serial_park_avenue1,
          serial_park_tiny_1, lightli_ossuary_entry_decrepit_ruins,
          nicolae_grassy_gnolls
D:8:      layout_basic, serial_shops, shop, kennysheep_kite_vault
Temple:   nicolae_temple_two_arcs

Skill      XL: |  1  2  3  4  5  6  7  8  9 |
---------------+----------------------------+-----
Fighting       | 3 4 6 7 |  7.9
Axes           | 2 3 4 5 |  5.5
Shields        | 3 4 |  4.2
Dodging        | 3 4 |  4.0
Polearms       | 2 3 |  3.6
Armour         | 1 |  1.3
Unarmed Combat | |  2.0

Action                   |  1- 3 |  4- 6 |  7- 9 || total
-------------------------+-------+-------+-------++-------
Melee: Hand axe          |    58 |    81 |   192 ||   331
       Kick              |       |    19 |    63 ||    82
       Halberd           |       |       |    68 ||    68
Evoke: Wand              |     1 |     2 |     1 ||     4
  Use: Potion            |     2 |     2 |       ||     4
       Scroll            |       |     5 |     6 ||    11
Armor: Robe              |    22 |    20 |    62 ||   104
       Steam dragon scal |       |       |    20 ||    20
Dodge: Dodged            |    19 |    26 |   125 ||   170
Block: Kite shield       |    26 |    32 |    96 ||   154
